 Dungeon Crawl Stone Soup version 0.28-a0-620-g539b0f7ac7 (webtiles) character file.

Game seed: 10034689320934036774

91 Armakuni the Conjurer (level 4, 0/31 HPs)
             Began as a Human Conjurer on Oct 6, 2021.
             Slain by an orc (4 damage)
             ... on level 2 of the Dungeon.
             The game lasted 00:05:15 (2305 turns).

Armakuni the Conjurer (Human Conjurer)              Turns: 2305, Time: 00:05:16

Health: 0/31       AC:  3    Str:  8    XL:     4   Next: 87%
Magic:  2/7        EV: 11    Int: 19    God:
Gold:   77         SH:  0    Dex: 11    Spells: 4/7 levels left

rFire   + . .      SeeInvis .   b - staff of conjuration
rCold   . . .      Faith    .   (no shield)
rNeg    . . .      Spirit   .   d - +0 leather armour
rPois   .          Reflect  .   (no helmet)
rElec   .          Harm     .   (no cloak)
rCorr   .          Rampage  .   (no gloves)
Will    .....                   (no boots)
Stlth   ++........              (no amulet)
HPRegen 0.10/turn               F - ring of protection from fire
MPRegen 0.10/turn               (no ring)

@: brilliant
A: no striking features
a: no special abilities


You were on level 2 of the Dungeon.
You visited 1 branch of the dungeon, and saw 3 of its levels.

You collected 77 gold pieces.

Inventory:

Hand Weapons
 a - a +3 falchion
Armour
 d - a +0 leather armour (worn)
Magical Staves
 b - a staff of conjuration (weapon)
Jewellery
 c - a ring of see invisible
 F - a ring of protection from fire (left hand)
Scrolls
 f - a scroll of enchant armour {unknown}


   Skills:
 - Level 0.4 Fighting
 - Level 1.5 Long Blades
 - Level 0.2 Armour
 - Level 2.0 Dodging
 - Level 2.0 Stealth
 - Level 2.0 Spellcasting
 + Level 5.4 Conjurations


You had 4 spell levels left.
You knew the following spells:

 Your Spells              Type           Power      Damage    Failure   Level
a - Magic Dart            Conj           100%       1d8       2%          1
z - Searing Ray           Conj           100%       2d8       3%          2

Your spell library contained the following spells:

 Spells                   Type           Power      Damage    Failure   Level
 Static Discharge         Conj/Air       27%        N/A       12%         2
 Dazzling Flash           Conj/Hex       54%        N/A       24%         3
 Slow                     Hex            2%         N/A       34%         2
 Confusing Touch          Hex            2%         N/A       56%         3
 Vampiric Draining        Necr           1%         2d6       56%         3
 Fulminant Prism          Conj/Hex       13%        3d9       61%         4
 Iskenderun's Mystic Bla  Conj/Tloc      27%        2d7       61%         4
 Yara's Violent Unravell  Hex/Tmut       1%         3d3       100%        5
 Starburst                Conj/Fire      13%        6d6       100%        6
 Orb of Destruction       Conj           25%        9d10      100%        7


Dungeon Overview and Level Annotations

Branches:
Dungeon (3/15)

Altars:


Message History

That beam is likely to hit you.
Continue anyway?
Okay, then.
Unknown command.
Aiming: Searing Ray (safe; 4% risk of failure)
Press: ? - help, Q - select action, (/) - cycle Shift-Dir - straight line, f - endoplasm
Aim: an endoplasm (98% to hit)
You feel a surge of power!
The searing ray hits the orc wizard.
The orc wizard is moderately wounded.
The searing ray hits the endoplasm!
You kill the endoplasm!
The searing ray hits the orc!
You kill the orc!
The searing ray hits the endoplasm!
You kill the endoplasm! (Press . to maintain the ray.)
The orc wizard hits you but does no damage.
The orc barely misses you.
The searing ray hits the orc wizard.
The orc wizard is moderately wounded.
The orc wizard hits you with a +0 dagger.
* * * LOW HITPOINT WARNING * * *
The orc misses you.
The searing ray hits the orc wizard.
The orc wizard is heavily wounded.
The orc wizard points at you and mumbles some strange words.
You resist with some effort. The orc hits you with a +0 whip.
* * * LOW HITPOINT WARNING * * *
The searing ray misses the orc wizard.
You finish channelling your searing ray.
The orc wizard completely misses you. The orc closely misses you.
You aren't carrying any potions.
b - a staff of conjuration (weapon)
Aiming: Searing Ray (safe; 3% risk of failure)
Press: ? - help, Q - select action, (/) - cycle Shift-Dir - straight line, f - orc wizard
Aim: an orc wizard, wielding a +0 dagger and wearing a +0 robe (heavily wounded, 79% to hit)
You feel a strong surge of power!
The searing ray hits the orc wizard!
You kill the orc wizard! (Press . to maintain the ray.)
The orc hits you with a +0 whip.
You die...

..###.#....#.#.# #.#
....#.#....#.#.# #.#
..#.#.#......#.# #.#
..#.#.###.##.#.# #.#
..#.#.# #.####.# #.#
....#.# #.####.# #.#
.####.# #<.....# #.#
......################.#
.............oro@).).#.#
####################.#.#
.#...................#.#
.#.###################.#
.#†# ##..÷.##
##.###############......#
#...........#.......#..##
###########.#.###...#..#
#.........#.#.# #...#..#


You could see 2 orcs and a rat.

Vanquished Creatures
  2 orc wizards (D:2)
  3 worms (D:2)
  2 dart slugs
  3 orcs
  5 endoplasms
  5 giant cockroaches
  7 goblins
  4 hobgoblins
  2 jackals (D:1)
  3 quokkas
  3 ball pythons
  3 bats (D:2)
  2 frilled lizards
  A kobold (D:2)
  2 rats
47 creatures vanquished.

Notes
Turn   | Place    | Note
-------+----------+-------------------------------------------
     0 | D:1      | Armakuni the Human Conjurer began the quest for the Orb.
     0 | D:1      | Reached XP level 1. HP: 13/13 MP: 3/3
    61 | D:1      | Reached XP level 2. HP: 6/19 MP: 3/5
    93 | D:1      | Learned a level 2 spell: Searing Ray
   492 | D:1      | Reached skill level 1 in Long Blades
   577 | D:1      | Reached XP level 3. HP: 24/24 MP: 6/6
   717 | D:1      | Found a faded altar of an unknown god.
  1396 | D:2      | Identified a scroll of acquirement
  1396 | D:2      | Acquired a staff of conjuration
  1498 | D:2      | Got the Reference Book on Damage Dealing
  1766 | D:2      | Reached XP level 4. HP: 31/31 MP: 3/7
  1891 | D:2      | Reached skill level 5 in Conjurations
  2305 | D:2      | Slain by an orc

Illustrated notes

Levels and vault maps discovered:
D:1:      lemuel_arrival_lava_pool, layout_rooms,
          ebering_ecumenical_altar_abandoned, chequers_avenue
D:2:      layout_basic, minmay_misc_feat_five, minmay_ruptured
D:3:      layout_rooms

Skill      XL: |  1  2  3  4 |
---------------+-------------+-----
Long Blades    | 1 |  1.5
Conjurations   | 5 |  5.4
Fighting       | |  0.4
Armour         | |  0.2
Dodging        | |  2.0
Stealth        | |  2.0
Spellcasting   | |  2.0

Action                   |  1- 3 |  4- 6 || total
-------------------------+-------+-------++-------
Melee: Falchion          |    59 |    10 ||    69
 Cast: Magic Dart        |     2 |       ||     2
       Searing Ray       |     5 |     9 ||    14
  Use: Scroll            |     5 |       ||     5
       Potion            |       |     2 ||     2
 Stab: Sleeping          |     4 |       ||     4
Armor: Robe              |     4 |       ||     4
       Leather armour    |     5 |    11 ||    16
Dodge: Dodged            |    44 |    15 ||    59

Table legend: (Time is in decaauts)
 A = Elapsed time spent in this place.
 B = Non-inter-level travel time spent in this place.
 C = Inter-level travel time spent in this place.
 D = Time resting spent in this place.
 E = Time spent auto-exploring this place.
 F = Levels seen in this place.
 G = Mean time per level.
                   A        B        C        D        E       F      G
               +--------+--------+--------+--------+--------+-----+--------+
         Total |   2320 |   2247 |     73 |    463 |   1384 |   3 |  773.3 |
       Dungeon |   2320 |   2247 |     73 |    463 |   1384 |   3 |  773.3 |
               +--------+--------+--------+--------+--------+-----+--------+

Top non-repeatable levels by time:
     D:2: 1511 daAuts
     D:1: 801 daAuts
     D:3: 7 daAuts
